Map: Redshift LE

Players

Nerchio - Winner!

  • Race: Zerg Zerg
  • Spawn Location: 11:00

Cuddlebear

  • Race: Terran Terran
  • Spawn Location: 7:00

Event: WCS Austin 2018

VOD

Have the link to the VOD?

Description

Time

  • Played on: June 1, 2018, 2:11 p.m.
  • Length: 11:08

All games in this series

Show
View Real Time Build Order
Export as new Build Order

Nerchio Zerg - Winner!

Build Orders: Hatch First 

Get SALT Encoding   

  12  0:01  Drone  
  13  0:13  Overlord  
  13  0:17  Drone  
  14  0:31  Drone x2  
  14  0:35  Drone  
  17  0:52  Hatchery  
  17  0:55  Drone  
  17  0:58  Drone  
  18  1:06  Extractor  
  17  1:14  Spawning Pool  
  17  1:17  Drone  
  17  1:20  Drone  
  18  1:29  Drone  
  19  1:39  Drone  
  21  1:54  Drone  
  21  2:02  Zergling x2  
  21  2:04  Queen x2  
  21  2:05  Zergling x2  
  27  2:22  Metabolic Boost  
  27  2:23  Hatchery  
  27  2:28  Overlord  
  26  2:31  Drone  
  26  2:34  Drone  
  28  2:48  Drone  
  28  2:49  Drone x4  
  33  2:55  Queen  
  35  2:59  Overlord  
  35  3:03  Drone  
  36  3:07  Overlord  
  36  3:17  Queen  
  36  3:18  Drone  
  36  3:19  Drone  
  40  3:20  Drone  
  40  3:21  Drone  
  40  3:24  Drone  
  43  3:27  Overlord  
  43  3:32  Drone  
  43  3:33  Drone  
  45  3:38  Queen  
  47  3:42  Overlord  
  47  3:43  Drone  
  47  3:44  Drone  
  47  3:47  Drone  
  50  3:52  Drone  
  50  3:53  Drone x2  
  50  3:55  Drone  
  54  3:57  Drone x2  
  54  4:01  Queen  
  58  4:08  Drone x3  
  58  4:09  Evolution Chamber  
  60  4:16  Overlord  
  60  4:20  Overlord, Queen  
  60  4:21  Drone x2  
  60  4:22  Drone  
  65  4:25  Overlord  
  65  4:29  Zergling x2  
  65  4:31  Overlord  
  66  4:35  Zerg Ground Armor Level 1  
  66  4:38  Zergling x8  
  70  4:40  Zergling x4  
  70  4:43  Overlord  
  72  4:51  Zergling x2, Extractor  
  72  4:52  Extractor, Zergling x8  
  75  4:57  Zergling x2  
  75  4:59  Queen, Zergling x4  
  80  5:00  Overlord  
  80  5:03  Zergling x2  
  80  5:06  Overlord  
  81  5:11  Drone  
  81  5:13  Drone  
  83  5:15  Drone  
  83  5:19  Drone  
  85  5:22  Hatchery, Drone  
  85  5:27  Drone  
  85  5:28  Drone x3  
  89  5:29  Drone x2  
  89  5:33  Baneling Nest, Drone x3  
  93  5:39  Extractor  
  93  5:40  Overlord  
  93  5:50  Drone x3  
  93  5:52  Overlord  
  93  5:54  Overlord  
  93  5:55  Evolution Chamber  
  94  5:57  Queen  
  94  6:00  Zergling x2  
  97  6:11  Zergling x22  
  108  6:14  Overlord  
  108  6:25  Hatchery  
  108  6:32  Lair  
  107  6:33  Zerg Melee Weapons Level 1  
  107  6:38  Zergling x14  
  111  6:42  Baneling x12  
  111  6:44  Zergling x4  
  111  6:45  Zergling x2  
  111  6:46  Queen x3, Zergling x2  
  121  6:49  Zergling x4  
  121  6:50  Zergling x4  
  121  6:51  Zergling x2  
  121  6:53  Zergling x2  
  127  6:57  Zergling x4  
  127  6:58  Zergling x4  
  119  7:11  Zergling x8  
  113  7:17  Drone x2  
  113  7:18  Drone x3  
  113  7:20  Drone x4  
  122  7:28  Drone x3  
  122  7:29  Drone x2  
  120  7:32  Centrifical Hooks, Drone  
  120  7:33  Zerg Ground Armor Level 2  
  120  7:34  Hydralisk Den  
  120  7:40  Baneling x5  
  120  7:41  Queen, Zergling x10  
  127  7:48  Zergling x4  
  127  7:50  Zergling x2  
  130  7:52  Zergling x2  
  130  7:53  Zergling x2  
  130  7:58  Hatchery  
  129  8:06  Zergling x4  
  129  8:07  Zergling x12  
  129  8:09  Zergling x2  
  129  8:12  Baneling x12  
  138  8:14  Zergling x6  
  138  8:15  Zergling x4  
  138  8:17  Zergling x4  
  138  8:18  Zergling x2  
  145  8:20  Zergling x6  
  145  8:23  Zergling x2  
  145  8:24  Zergling x2  
  151  8:27  Zergling x2  
  151  8:32  Zergling x4  
  146  8:35  Zergling x4  
  144  8:42  Zergling x4  
  144  8:43  Zergling x4  
  144  8:45  Zergling x2  
  138  8:51  Zergling x4  
  138  8:52  Zergling x2  
  138  8:53  Zergling x2  
  137  8:59  Drone x2  
  137  9:02  Grooved Spines  
  138  9:05  Infestation Pit  
  138  9:07  Drone x2  
  138  9:08  Drone x3  
  138  9:10  Drone  
  138  9:12  Drone x2  
  138  9:14  Drone  
  142  9:18  Spore Crawler  
  142  9:20  Spore Crawler, Spine Crawler  
  142  9:21  Hydralisk  
  142  9:22  Hydralisk x5  
  142  9:23  Hydralisk, Extractor  
  150  9:26  Queen  
  150  9:28  Drone x3  
  150  9:31  Extractor  
  156  9:32  Overlord  
  156  9:42  Hydralisk x6  
  156  9:44  Hydralisk  
  156  9:45  Hydralisk  
  172  9:50  Overlord x8  
  172  9:54  Zergling x2  
  172  9:55  Zergling x2  
  172  9:56  Zergling x4  
  172  9:58  Zergling x4  
  172  9:59  Zergling x2  
  179  10:04  Extractor  
  177  10:12  Hydralisk  
  177  10:13  Hydralisk x3  
  171  10:15  Zergling x10  
  171  10:17  Zergling x8  
  171  10:18  Zergling x2  
  171  10:19  Zergling x2  
  171  10:20  Drone  
  171  10:21  Drone x2  
  185  10:35  Hatchery  
  177  10:37  Zergling x22  
  177  10:38  Zergling x2  
  179  10:43  Baneling  
  179  10:44  Baneling x15, Zergling x2  
  179  10:46  Zergling x4  
  179  10:48  Zergling x4  
  183  10:50  Zergling x4  
  183  10:51  Zergling x2  
Show
View Real Time Build Order
Export as new Build Order

Cuddlebear Terran 

Build Orders: Reaper Expand, MMM Bio 

Get SALT Encoding   

  12  0:01  SCV  
  13  0:13  SCV  
  14  0:18  Supply Depot  
  14  0:25  SCV  
  15  0:39  SCV  
  15  0:41  Barracks  
  16  0:45  Refinery  
  16  0:51  SCV  
  17  1:03  SCV  
  18  1:16  SCV  
  19  1:28  Orbital Command, Reaper  
  20  1:42  Command Center  
  20  1:53  SCV  
  21  1:58  Barracks  
  21  2:02  Barracks Reactor  
  21  2:05  SCV  
  22  2:11  Supply Depot  
  22  2:16  Refinery  
  22  2:19  SCV  
  23  2:32  Factory  
  23  2:33  SCV  
  24  2:43  Marine x2  
  26  2:46  Barracks Tech Lab  
  26  2:47  SCV  
  27  2:56  Orbital Command  
  27  2:59  SCV  
  27  3:03  Marine  
  27  3:04  Marine  
  30  3:12  Stimpack  
  30  3:13  Marine  
  30  3:17  SCV  
  32  3:22  Starport  
  32  3:25  Factory Reactor  
  32  3:26  Marine  
  33  3:31  Marine  
  33  3:32  Marine  
  36  3:34  SCV  
  36  3:35  SCV  
  37  3:46  Marine, SCV  
  37  3:47  SCV  
  40  3:50  Supply Depot  
  40  3:54  Engineering Bay  
  40  3:56  Marine x2  
  40  3:58  SCV  
  43  4:06  SCV  
  36  4:10  Medivac  
  43  4:12  Medivac  
  43  4:15  Supply Depot, Marine x3  
  43  4:16  SCV  
  51  4:20  Supply Depot  
  51  4:21  Factory Tech Lab  
  51  4:23  Terran Infantry Weapons Level 1  
  51  4:26  SCV  
  51  4:29  SCV  
  53  4:32  Marine, Supply Depot  
  53  4:36  Marine x2  
  53  4:38  SCV  
  57  4:41  SCV  
  58  4:50  Marine  
  60  4:54  Marine  
  60  4:57  Siege Tank  
  60  4:58  Barracks  
  60  4:59  Barracks  
  63  5:00  Barracks  
  63  5:01  Supply Depot  
  63  5:02  SCV  
  63  5:03  SCV  
  63  5:05  Starport Reactor, Marine  
  66  5:14  SCV  
  66  5:15  SCV  
  66  5:17  Marine x2  
  70  5:22  Supply Depot  
  70  5:33  Marine  
  70  5:34  Siege Tank  
  70  5:35  Marine  
  75  5:39  Supply Depot  
  75  5:40  Supply Depot x2  
  75  5:41  Medivac  
  77  5:45  Marine x2  
  77  5:46  Command Center  
  77  5:48  Marine x2  
  81  5:53  Combat Shields  
  82  6:00  Marine, Supply Depot  
  82  6:03  Marine  
  82  6:04  Marine x2  
  84  6:10  Marine  
  84  6:11  Marine x2  
  88  6:18  Siege Tank  
  91  6:22  Marine x3  
  91  6:23  Marine  
  95  6:26  Supply Depot x2  
  95  6:28  Marine, SCV  
  95  6:29  Refinery  
  95  6:30  Marine  
  98  6:35  SCV  
  99  6:46  Marine x2  
  99  6:47  Marine x2  
  100  6:48  Marine x2  
  100  6:49  Medivac  
  100  6:53  Supply Depot  
  107  6:54  Supply Depot  
  107  6:56  Supply Depot, SCV  
  107  6:57  SCV  
  98  7:12  Marine  
  98  7:13  Marine x6  
  90  7:16  Medivac  
  90  7:22  Terran Infantry Armor Level 1  
  90  7:24  Armory  
  73  7:30  Marine x2  
  73  7:31  Marine x4  
  73  7:34  Orbital Command, Marine  
  81  7:44  Siege Tank  
  81  7:48  Marine x2  
  81  7:49  Marine  
  81  7:50  Refinery, Marine x2  
  84  7:53  Marine  
  84  7:56  SCV  
  84  7:57  Marine  
  77  8:06  Marine x2  
  77  8:07  Marine x2  
  77  8:08  Marine  
  77  8:11  Marine  
  78  8:15  Marine  
  78  8:17  SCV  
  80  8:24  Marine x2  
  80  8:25  Marine x2  
  80  8:26  Marine  
  83  8:29  Marine, Siege Tank  
  83  8:32  Marine  
  84  8:42  Orbital Command, Marine  
  84  8:43  Marine x2  
  84  8:44  Marine  
  84  8:47  Marine  
  73  8:50  Marine  
  64  8:57  Orbital Command  
  64  8:59  Marine  
  64  9:01  Marine x2  
  64  9:02  Marine  
  64  9:04  Marine  
  64  9:08  Marine  
  66  9:16  Medivac  
  68  9:17  Marine  
  68  9:19  Marine  
  68  9:20  Marine  
  71  9:28  Marine  
  73  9:41  Marine  
  73  9:43  SCV  
  73  9:44  SCV  
  76  9:46  Marine x2  
  77  9:57  SCV x2  
  79  10:00  SCV  
  79  10:06  Barracks Reactor, Supply Depot  
  80  10:13  Marine x2  
  80  10:14  Marine x2  
  66  10:15  Marine  
  67  10:22  Siege Tank  
  67  10:27  SCV  
  71  10:31  Marine x3  
  71  10:32  Marine x2  
  71  10:34  SCV  
  60  10:49  Marine x4  
  65  10:51  SCV x2  
Tags
 
Add a new tag
Caveats
  • Supply blocks, unpowered buildings, or Contaminate may cause inaccurate times.
  • Supply counts are checked every 10 seconds.